 Dungeon Crawl Stone Soup version 0.27.0-66-gdc8fb28755 (webtiles) character file.

Game seed: 12774150143314672460

476 Naeght the Cudgeller (level 6, -5/56 HPs)
             Began as a Minotaur Berserker on Aug 19, 2021.
             Was a Believer of Trog.
             Slain by a hornet (11 damage)
             ... while paralysed by a hornet
             ... on level 5 of the Dungeon.
             The game lasted 00:09:29 (5267 turns).

Naeght the Cudgeller (Minotaur Berserker)           Turns: 5267, Time: 00:09:30

Health: -5/56      AC:  2    Str: 21    XL:     6   Next: 84%
Magic:  5/5        EV:  2    Int:  5    God:    Trog [**....]
Gold:   253        SH:  0    Dex: 11    Spells: 5/5 levels left

rFire    . . .     SeeInvis .   a - +0 mace
rCold    . . .     Faith    .   (no shield)
rNeg     . . .     Spirit   .   b - +0 animal skin
rPois    .         Reflect  .   (helmet restricted)
rElec    .         Harm     .   (no cloak)
rCorr    .         Rampage  .   (no gloves)
Will     .....                  (no boots)
Stlth    +.........             (no amulet)
HPRegen  0.18/turn              (no ring)
MPRegen  0.09/turn              (no ring)

@: paralysed, lethally poisoned (-5 -> -11), slowed
A: horns 2, retaliatory headbutt
a: Renounce Religion, Berserk, Trog's Hand


You were on level 5 of the Dungeon.
You worshipped Trog.
Trog was pleased with you.
You visited 1 branch of the dungeon, and saw 5 of its levels.

You collected 253 gold pieces.

Inventory:

Hand Weapons
 a - a +0 mace (weapon)
Armour
 b - a +0 animal skin (worn)
Jewellery
 i - a ring of see invisible
 l - a ring of positive energy
Wands
 j - a wand of polymorph (6)
Scrolls
 c - 5 scrolls of identify {unknown}
 k - a scroll of amnesia {unknown}
Potions
 d - 2 potions of brilliance {unknown}
 e - a potion of heal wounds {unknown}
 f - 5 potions of attraction {unknown}
 g - 2 potions of curing {unknown}
 h - a potion of flight {unknown}


   Skills:
 + Level 5.6 Fighting
 + Level 5.7 Maces & Flails
 + Level 4.8 Armour
 + Level 4.4 Dodging


You had 5 spell levels left.
You didn't know any spells.
Your spell library was empty.

Dungeon Overview and Level Annotations

Branches:
Dungeon (5/15)             Temple (0/1) D:4

Altars:
Xom


Innate Abilities, Weirdness & Mutations

You have a pair of horns on your head.
You reflexively headbutt those who attack you in melee.


Message History

You hit the orc. Your headbutt misses the orc.
The orc is heavily wounded.
The orc barely misses you.
You sock the orc!
You kill the orc!
Trog accepts your kill.
The hornet stings you but does no damage.
The hornet closely misses you.
You barely miss the hornet. You headbutt the hornet!
The hornet is moderately wounded.
The hornet barely misses you. You furiously retaliate!
You headbutt the hornet. The hornet closely misses you.
You furiously retaliate!
You headbutt the hornet. You hit the hornet but do no damage.
The hornet is heavily wounded.
The hornet misses you.
You hit the hornet.
The hornet is severely wounded.
The hornet closely misses you. The hornet barely misses you.
You barely miss the hornet.
The hornet is severely wounded.
The hornet barely misses you.
You barely miss the hornet. You headbutt the hornet.
The hornet is severely wounded.
The hornet barely misses you. The hornet stings you!
You feel yourself slow down.
You hit the hornet but do no damage.
The hornet is severely wounded.
The hornet stings you.
You feel as though you will be slow longer.
The hornet stings you.
You feel as though you will be slow longer.
The hornet stings you!
You suddenly lose the ability to move!
The hornet stings you!
* * * LOW HITPOINT WARNING * * *
You are lethally poisoned!
You feel as though you will be slow longer.
* * * LOW HITPOINT WARNING * * *
You feel sick. The hornet stings you!
You die...

#.### ##...
#.... #...
## #... ..#
#..##..###
#.y.......
###@......$
#..........
#...)......
#..#.......
#..#.......
#.<#.....!.
#..####.##.
#..# .#
#... .


You could see a hornet.

Vanquished Creatures
  An ogre (D:4)
  A water moccasin skeleton (D:4)
  A bullfrog zombie (D:4)
  An orc priest (D:4)
  2 iguanas (D:4)
  2 orc wizards
  A hound skeleton (D:4)
  5 adders
  A worm (D:3)
  17 orcs
  8 ball pythons
  4 bats
  7 endoplasms
  8 giant cockroaches
  4 goblins
  9 hobgoblins
  4 jackals (D:3)
  5 quokkas
  8 frilled lizards
  6 kobolds
  6 rats
101 creatures vanquished.

Vanquished Creatures (others)
  3 plants
  5 withered plants (D:2)
8 creatures vanquished.

Grand Total: 109 creatures vanquished

Notes
Turn   | Place    | Note
-------+----------+-------------------------------------------
     0 | D:1      | Naeght the Minotaur Berserker began the quest for the Orb.
     0 | D:1      | Reached XP level 1. HP: 19/19 MP: 0/0
   201 | D:1      | Reached XP level 2. HP: 27/27 MP: 1/1
   624 | D:1      | Reached XP level 3. HP: 33/33 MP: 2/2
  1021 | D:2      | Reached ** piety under Trog
  1395 | D:2      | Found a faded altar of an unknown god.
  1721 | D:3      | Reached XP level 4. HP: 40/40 MP: 3/3
  2661 | D:4      | Reached XP level 5. HP: 47/47 MP: 4/4
  3025 | D:4      | Reached skill level 5 in Maces & Flails
  3214 | D:4      | Reached skill level 5 in Fighting
  3407 | D:4      | Found a staircase to the Ecumenical Temple.
  3923 | D:4      | Found a shimmering altar of Xom.
  3959 | D:4      | Reached XP level 6. HP: 53/56 MP: 5/5
  4141 | D:4      | Reached *** piety under Trog
  5252 | D:5      | Entered Level 5 of the Dungeon
  5255 | D:5      | Noticed a hornet
  5265 | D:5      | Paralysed by a hornet for 3 turns
  5267 | D:5      | Slain by a hornet

Illustrated notes

Levels and vault maps discovered:
D:1:      matt_arrival_los_fun, layout_basic,
          hangedman_abyss_or_decor_lesser_grid, amcnicky_mini_corridor_feature,
          chequers_serial_rivers_marsh
D:2:      layout_basic, shapermc_ecumenical_altar_flowoftime
D:3:      layout_basic
D:4:      layout_loops_corners, mainiacjoe_overflow_boulevard,
          minmay_temple_entry_wispy, minmay_lizard_king
D:5:      layout_loops_ring

Skill      XL: |  1  2  3  4  5  6 |
---------------+-------------------+-----
Maces & Flails | 4 5 |  5.7
Fighting       | 4 5 |  5.6
Armour         | 3 4 |  4.8
Dodging        | 3 4 |  4.4

Action                   |  1- 3 |  4- 6 || total
-------------------------+-------+-------++-------
Melee: Mace              |    97 |   137 ||   234
       Headbutt          |    23 |    24 ||    47
Invok: Berserk           |       |     2 ||     2
       Trog's Hand       |       |     1 ||     1
 Stab: Sleeping          |     1 |     1 ||     2
Armor: Animal skin       |    17 |    15 ||    32
Dodge: Dodged            |    51 |    91 ||   142
